 Dungeon Crawl Stone Soup version 0.27-a0-417-g317cea8a3c (webtiles) character file.

Game seed: 15838760077535000578

25133 jasper the Unseen (level 12, -8/56 HPs)
             Began as a Spriggan Delver on Feb 25, 2021.
             Was a Priest of Hepliaklqana.
             Mangled by a seven-headed hydra (15 damage)
             ... on level 4 of the Lair of Beasts.
             The game lasted 00:35:34 (21611 turns).

jasper the Unseen (Spriggan Delver)                Turns: 21611, Time: 00:35:35

Health: -8/56      AC:  3    Str: 12    XL:     12   Next: 86%
Magic:  16/18      EV: 33    Int: 17    God:    Hepliaklqana [***...]
Gold:   875        SH:  5    Dex: 26    Spells: 1/11 levels left

rFire    . . .     SeeInvis +   m - +7 rapier "Kem Joth" {pain, *Drain rElec rPois Int+4}
rCold    + . .     Faith    .   (shield restricted)
rNeg     . . .     Spirit   .   O - +1 robe "Qidgh" {rC+ Str+4 Stlth+}
rPois    +         Reflect  +   (helmet restricted)
rElec    +         Harm     .   (no cloak)
rCorr    .         Rampage  .   (gloves unavailable)
Will     +++..                  (boots unavailable)
Stlth    ++++++++..             C - amulet of reflection
HPRegen  0.18/turn              J - ring of willpower
MPRegen  0.16/turn              M - +6 ring of dexterity

@: very quick
A: very small, unfitting armour, reduced essence, see invisible, speed 3
a: Renounce Religion, Recall Ancestor, Ancestor Identity, Transference


You were on level 4 of the Lair of Beasts.
You worshipped Hepliaklqana.
Hepliaklqana was most pleased with you.
You visited 3 branches of the dungeon, and saw 17 of its levels.

You collected 875 gold pieces.

Inventory:

Hand Weapons
 a - a +0 short sword
 i - a +0 hunting sling
 j - a +1 rapier
 m - the +7 rapier "Kem Joth" (weapon) {pain, *Drain rElec rPois Int+4}
   (You found it on level 2 of the Lair of Beasts)

   In the hands of one skilled in necromantic magic, it inflicts extra damage on
   living creatures.
   It affects your intelligence (+4).
   It insulates you from electricity.
   It protects you from poison.
   It causes draining when unequipped.
 u - a +2 dagger of venom
 S - a +0 short sword of distortion
Missiles
 l - 375 stones
 y - 54 poisoned darts
 T - 13 curare-tipped darts
 U - 2 atropa-tipped darts
Armour
 b - a +0 robe
 K - +0 steam dragon scales
 O - the +1 robe "Qidgh" (worn) {rC+ Str+4 Stlth+}
   (You found it on level 8 of the Dungeon)

   It affects your strength (+4).
   It protects you from cold.
   It makes you more stealthy.
Jewellery
 r - a ring of fire
 x - a +6 ring of strength
 C - an amulet of reflection (around neck)
 H - an amulet of faith
 J - a ring of willpower (left hand)
 M - a +6 ring of dexterity (right hand)
Wands
 g - a wand of digging (10)
 k - a wand of random effects (41)
 V - a wand of iceblast (7)
Scrolls
 c - 3 scrolls of fog
 d - 5 scrolls of magic mapping
 e - 7 scrolls of fear
 t - 8 scrolls of immolation {unknown}
 w - 10 scrolls of identify {unknown}
 z - a scroll of random uselessness {unknown}
 A - 2 scrolls of blinking {unknown}
 E - a scroll of enchant weapon
 F - 3 scrolls of enchant armour {unknown}
 I - 2 scrolls of amnesia
 L - 3 scrolls of teleportation
 N - a scroll of acquirement {unknown}
 W - a scroll of torment {unknown}
 X - a scroll of holy word {unknown}
Potions
 f - 4 potions of haste
 h - 5 potions of curing
 n - 5 potions of mutation {unknown}
 o - a potion of heal wounds {unknown}
 p - 2 potions of brilliance {unknown}
 q - 3 potions of lignification {unknown}
 s - 6 potions of degeneration {unknown}
 v - a potion of attraction {unknown}
 B - 4 potions of ambrosia {unknown}
 D - a potion of might {unknown}
 G - 2 potions of cancellation {unknown}
 P - a potion of magic {unknown}
 Q - a potion of flight {unknown}
 R - 2 potions of resistance {unknown}


   Skills:
 - Level 7.0 Fighting
 - Level 8.1 Short Blades
 - Level 10.9 Dodging
 - Level 17.1 Stealth
 - Level 11.5 Hexes
 * Level 3.3 Necromancy
 * Level 3.5 Transmutations
 - Level 2.0 Ice Magic
 * Level 2.3 Earth Magic
 - Level 7.1 Invocations


You had one spell level left.
You knew the following spells:

 Your Spells              Type           Power        Failure   Level
a - Ensorcelled Hibernat  Hex/Ice        46%          2%          2
b - Confusing Touch       Hex            39%          1%          3
c - Tukima's Dance        Hex            39%          1%          3
d - Passwall              Tmut/Erth      8%           11%         2

Your spell library contained the following spells:

 Spells                   Type           Power        Failure   Level
 Corona                   Hex            43%          1%          1
 Beastly Appendage        Tmut           24%          5%          1
 Sandblast                Erth           14%          10%         1
 Freeze                   Ice            24%          11%         1
 Shock                    Conj/Air       0%           24%         1
 Dazzling Flash           Conj/Hex       38%          7%          3
 Wereblood                Tmut           12%          9%          2
 Frozen Ramparts          Ice            12%          30%         3
 Ozocubu's Armour         Ice            6%           30%         3
 Swiftness                Air            0%           34%         2
 Spider Form              Tmut/Pois      3%           34%         3
 Stone Arrow              Conj/Erth      6%           41%         3
 Static Discharge         Conj/Air       0%           56%         3
 Petrify                  Tmut/Erth      10%          56%         4
 Ice Form                 Ice/Tmut       9%           58%         4
 Hailstorm                Conj/Ice       3%           83%         4
 Summon Ice Beast         Ice/Summ       3%           83%         4
 Blade Hands              Tmut           6%           83%         5
 Airstrike                Air            0%           93%         4
 Lee's Rapid Deconstruct  Erth           3%           95%         5
 Lightning Bolt           Conj/Air       0%           100%        5
 Chain Lightning          Conj/Air       0%           100%        8
 Lehudib's Crystal Spear  Conj/Erth      1%           100%        8
 Absolute Zero            Ice            3%           100%        9
 Fire Storm               Conj/Fire      0%           100%        9


Dungeon Overview and Level Annotations

Branches:
Dungeon (12/15)            Temple (1/1) D:6            Lair (4/6) D:8
  Swamp (0/4) Lair:2       Spider (0/4) Lair:2          Orc (0/2) D:9

Altars:
Ashenzari
Dithmenos
Elyvilon
Fedhas
Gozag
Hepliaklqana
Kikubaaqudgha
Makhleb
Nemelex Xobeh
Okawaru
Qazlal
Sif Muna
Trog
Uskayaw
Vehumet
Wu Jian
Yredelemnul
Zin
The Shining One

Shops:
D:5 (   D:11 [

Annotations:
D:8 1 runed translucent door


Innate Abilities, Weirdness & Mutations

You are very small and have problems with some larger weapons.
You are too small for most types of armour.
You have supernaturally acute eyesight. (SInv)
You cover ground extremely quickly.
Your life essence is reduced to manifest your ancestor. (-10% HP)


Message History

The cane toad looks drowsy...
You now have 1/18 mp.
The helpless cane toad fails to defend itself.
You perforate the cane toad like a sieve!!!!
You kill the cane toad!
There is a stone staircase leading up here.
You climb upwards.
There is a stone staircase leading down here.
You start resting.
HP restored.
Health restored: 56 You regained 5 mp, and now have 6/18 mp.
You start resting.
Magic restored.
MP restored: 18 You climb downwards.
You block the seven-headed hydra's attack.
The seven-headed hydra barely misses you.
The seven-headed hydra bites you! x2
The seven-headed hydra completely misses you.
The seven-headed hydra barely misses you.
The seven-headed hydra misses you.
You block the seven-headed hydra's attack.
The seven-headed hydra completely misses you. x2
The seven-headed hydra misses you.
The seven-headed hydra completely misses you.
The seven-headed hydra bites you! x2
* * * LOW HITPOINT WARNING * * *
There is a stone staircase leading up, spattered with blood here.
You take 40 damage, and have 16/56 hp.
MASSIVE DAMAGE!!
Aiming: Ensorcelled Hibernation (safe; 2% risk of failure)
Press: ? - help, Q - select action, (/) - cycle Shift-Dir - straight line, f - seven-headed hydra
Aim: a seven-headed hydra (ally target, chance to affect: 20%)
The seven-headed hydra resists with almost no effort.
The seven-headed hydra misses you.
The seven-headed hydra completely misses you. x2
The seven-headed hydra bites you!
* * * LOW HITPOINT WARNING * * *
The seven-headed hydra bites you!
You die...

....# .....#
.....# ....# ##
#...##
#.###≈≈≈#≈##
#.#.≈≈≈≈≈≈≈
#..@.≈...≈#
#..RD......
#...##≈.≈#. #.
#..†...........
##...#.##.P.....
#P....#####....
##.....#.#.#.##.
#..##...........
##.###..........


You could see the friendly stabby the hexer and a seven-headed hydra (ally
target).

Vanquished Creatures
  The ghost of sahdkjhfkaj the Unhurried, a journeyman HOMo of Cheibriados (D:11)
  The ghost of Lorrdernie the Fencer, a journeyman MiBe of Trog (D:11)
  A catoblepas (Lair:3)
  Erica (D:10)
  A two-headed ogre (D:10)
  2 death yaks (Lair:3)
  Sonja (D:10)
  An unseen horror (D:10)
  A lindwurm (Lair:3)
  A manticore (D:11)
  A centaur zombie (D:10)
  An elephant (Lair:2)
  An ugly thing (D:11)
  Maggie (D:6)
  7 cane toads
  4 komodo dragons
  3 jumping spiders (Lair:2)
  2 trolls
  3 blink frogs (Lair:1)
  6 redbacks (Lair:2)
  Sigmund (D:3)
  2 wyverns
  A shadow (D:9)
  12 yaks
  A basilisk (Lair:1)
  A wraith (D:9)
  A steam dragon (Lair:3)
  Edmund (D:6)
  A soldier ant (D:10)
  2 wargs
  4 water moccasins
  4 orc warriors
  4 sky beasts
  3 black bears
  3 ice beasts
  5 wolves
  An eye of draining (D:9)
  7 ogres
  2 necrophages (D:10)
  4 centaurs
  A phantom (D:9)
  2 kobold brigands
  9 bullfrogs
  A gnoll sergeant (D:7)
  2 troll zombies (D:9)
  4 scorpions
  5 jellies
  8 killer bees
  12 wights
  4 howler monkeys
  An electric eel (Lair:1)
  A bullfrog zombie (D:9)
  10 hounds
  A centaur skeleton (D:11)
  5 orc priests
  Jessica (D:3)
  2 bullfrog skeletons
  7 orc wizards
  8 worker ants
  Terence (D:2)
  5 ogre zombies (D:9)
  A worker ant zombie (D:9)
  Robin (D:2)
  11 gnolls
  A howler monkey skeleton (D:8)
  13 adders
  A shadow imp (D:6)
  2 white imps
  An ufetubus (D:10)
  2 oozes
  2 adder skeletons
  3 worms
  A dart slug (D:3)
  3 leopard geckos
  23 orcs
  2 ball pythons
  4 bats
  2 giant cockroaches
  18 goblins
  4 hobgoblins
  24 jackals
  14 kobolds
  6 quokkas
  3 frilled lizards
  A goblin skeleton (D:9)
  2 goblin zombies (D:9)
  A hobgoblin zombie (D:9)
  2 leopard gecko zombies
  4 orc skeletons (D:9)
  10 orc zombies (D:9)
  8 rats
360 creatures vanquished.

Vanquished Creatures (collateral kills)
  The ghost of delverdan the Slicer, a journeyman DsGl of Gozag (D:11)
  A wyvern (D:9)
  A water moccasin (Lair:2)
  2 wolves (Lair:2)
  A kobold brigand (D:11)
  2 bullfrogs
  A wyvern skeleton (D:9)
  2 killer bees (D:7)
  A quasit (D:7)
  2 orc priests (D:8)
  An ogre zombie (D:9)
  A gnoll (D:7)
  An adder (D:11)
  3 orcs
  A kobold (D:11)
  A goblin skeleton (D:9)
  3 orc skeletons (D:9)
  3 orc zombies (D:9)
28 creatures vanquished.

Vanquished Creatures (others)
  A wizard (D:3)
  3 hexers
  3 ancestors
  A kobold (D:10)
  23 fungi
  20 plants
  A withered plant (D:11)
52 creatures vanquished.

Grand Total: 440 creatures vanquished

Notes
Turn   | Place    | Note
-------+----------+-------------------------------------------
     0 | D:5      | jasper the Spriggan Delver began the quest for the Orb.
     0 | D:5      | Reached XP level 1. HP: 11/11 MP: 2/2
     5 | D:5      | Found Niwoh's Antique Weapon Boutique.
   128 | D:3      | Reached skill level 8 in Stealth
   128 | D:3      | Reached XP level 2. HP: 16/16 MP: 3/3
   346 | D:2      | Noticed Terence
   351 | D:2      | Killed Terence
   352 | D:2      | Reached skill level 9 in Stealth
   352 | D:2      | Reached XP level 3. HP: 12/19 MP: 4/4
   742 | D:2      | Reached XP level 4. HP: 6/23 MP: 5/5
  1191 | D:1      | Reached skill level 10 in Stealth
  1552 | D:2      | Found a burning altar of Makhleb.
  1701 | D:2      | Learned a level 2 spell: Ensorcelled Hibernation
  2035 | D:2      | Reached XP level 5. HP: 25/27 MP: 6/6
  2341 | D:3      | Noticed Robin
  2617 | D:2      | Killed Robin
  2813 | D:3      | Noticed Sigmund
  2821 | D:3      | Killed Sigmund
  2822 | D:3      | Reached skill level 5 in Short Blades
  2822 | D:3      | Reached XP level 6. HP: 32/32 MP: 7/7
  3206 | D:3      | Found a faded altar of an unknown god.
  3428 | D:3      | Noticed Jessica
  3432 | D:3      | Killed Jessica
  3651 | D:3      | Found a bloodstained altar of Trog.
  3654 | D:3      | Noticed a wizard
  3663 | D:3      | Killed a wizard
  3786 | D:4      | Found an opulent altar of Gozag.
  3852 | D:4      | You fall into a shaft and drop 3 floors!
  4128 | D:7      | Reached XP level 7. HP: 20/35 MP: 8/8
  4313 | D:7      | Found a blossoming altar of Fedhas.
  4429 | D:5      | Found a shadowy altar of Dithmenos.
  5080 | D:4      | Reached skill level 1 in Hexes
  5082 | D:4      | Reached skill level 1 in Ice Magic
  5668 | D:5      | Learned a level 3 spell: Confusing Touch
  5731 | D:5      | Reached XP level 8. HP: 19/39 MP: 9/9
  6255 | D:6      | Reached skill level 5 in Hexes
  6260 | D:6      | Noticed Maggie
  6296 | D:6      | Killed Maggie
  6538 | D:6      | Noticed Edmund
  6546 | D:6      | Killed Edmund
  6821 | D:6      | Reached XP level 9. HP: 40/43 MP: 10/10
  6826 | D:6      | Learned a level 3 spell: Tukima's Dance
  6899 | D:6      | Found a glowing golden altar of the Shining One.
  6905 | D:6      | Found a basalt altar of Yredelemnul.
  6907 | D:6      | Noticed a profane servitor
  7073 | D:6      | Reached skill level 10 in Hexes
  7135 | D:6      | Found a staircase to the Ecumenical Temple.
  7141 | Temple   | Entered the Ecumenical Temple
  7213 | Temple   | Became a worshipper of Hepliaklqana the Forgotten
  9266 | D:8      | Found a runed translucent door.
  9274 | D:8      | Reached skill level 1 in Invocations
  9311 | D:7      | Reached skill level 11 in Stealth
  9671 | D:8      | Found a staircase to the Lair.
  9675 | D:8      | Reached skill level 5 in Dodging
 10128 | D:8      | Identified a bloodstained robe
 10381 | D:8      | Reached * piety under Hepliaklqana
 10406 | D:8      | Found a glowing golden altar of the Shining One.
 10406 | D:8      | Noticed an angel
 10522 | D:8      | Reached XP level 10. HP: 44/44 MP: 13/13
 10855 | D:9      | Found a stormy altar of Qazlal.
 11193 | D:9      | Found a staircase to the Orcish Mines.
 11351 | D:9      | Reached skill level 12 in Stealth
 12483 | D:9      | Reached skill level 5 in Fighting
 13152 | D:10     | Entered Level 10 of the Dungeon
 13575 | D:10     | Noticed an unseen horror
 13586 | D:10     | Killed an unseen horror
 13587 | D:10     | Reached skill level 13 in Stealth
 13587 | D:10     | Reached skill level 5 in Invocations
 13987 | D:10     | Reached XP level 11. HP: 45/49 MP: 9/15
 14035 | D:10     | Noticed a two-headed ogre
 14044 | D:10     | Killed a two-headed ogre
 14252 | D:10     | Reached ** piety under Hepliaklqana
 14268 | D:10     | Remembered your ancestor stabby as a hexer
 14432 | D:10     | Noticed Erica
 14435 | D:10     | Killed Erica
 14537 | D:10     | Noticed Sonja
 14542 | D:10     | Killed Sonja
 14543 | D:10     | Reached skill level 14 in Stealth
 15001 | D:11     | Noticed a green ugly thing
 15032 | D:11     | Killed a green ugly thing
 15721 | D:11     | Found Perequps's Armour Shop.
 16249 | D:11     | Found a runed translucent gate.
 16249 | D:11     | Noticed Lorrdernie's ghost (journeyman MiBe)
 16250 | D:11     | Found a runed translucent gate.
 16250 | D:11     | Found a runed translucent gate.
 16250 | D:11     | Noticed sahdkjhfkaj's ghost (journeyman HOMo)
 16251 | D:11     | Noticed delverdan's ghost (journeyman DsGl)
 16368 | D:11     | Killed Lorrdernie's ghost
 16377 | D:11     | Killed sahdkjhfkaj's ghost
 16378 | D:11     | Reached skill level 15 in Stealth
 16401 | D:11     | Killed delverdan's ghost
 16609 | D:12     | Noticed a deep elf pyromancer
 16692 | Lair:1   | Entered Level 1 of the Lair of Beasts
 17155 | Lair:1   | Reached XP level 12. HP: 35/55 MP: 2/17
 18103 | Lair:2   | Found a hole to the Spider Nest.
 18106 | Lair:2   | Reached skill level 10 in Dodging
 18107 | Lair:2   | Reached *** piety under Hepliaklqana
 18346 | Lair:2   | Reached skill level 16 in Stealth
 18574 | Lair:2   | Found a staircase to the Swamp.
 19566 | Lair:2   | Identified a shimmering rapier
 19572 | Lair:2   | Learned a level 2 spell: Passwall
 19931 | Lair:3   | Reached skill level 1 in Necromancy
 19982 | Lair:3   | Reached skill level 1 in Transmutations
 20069 | Lair:3   | Reached skill level 1 in Earth Magic
 20718 | Lair:3   | Noticed a catoblepas
 20749 | Lair:3   | Noticed a death yak
 20758 | Lair:3   | Noticed a death yak
 21087 | Lair:3   | Killed a death yak
 21090 | Lair:3   | Reached skill level 17 in Stealth
 21359 | Lair:3   | Killed a catoblepas
 21379 | Lair:3   | Killed a death yak
 21480 | Lair:4   | Noticed a seven-headed hydra
 21611 | Lair:4   | Mangled by a seven-headed hydra

Illustrated notes

Levels and vault maps discovered:
D:1:      dpeg_arrival_three_same_balls, layout_rooms
D:2:      layout_basic, lemuel_tele_altar, uniq_terence
D:3:      layout_loops_ring, chequers_ecumenical_altar_island, trog_wizard,
          uniq_jessica, uniq_robin, uniq_sigmund
D:4:      layout_cave_pods, grunt_gozag_statues
D:5:      layout_cave_pools, nicolae_dithmenos_the_darkroom,
          grunt_temple_overflow_open, serial_shops, nicolae_shop_waterfront,
          serial_gnoll_camp, gnoll_camp_huts_moat, gnoll_camp_mini_loothouse,
          gnoll_camp_mini_shop, gnoll_camp_mini_doghouse, gnoll_camp_mini_hut,
          gnoll_camp_mini_basic
D:6:      layout_gridville, grunt_temple_overflow_holy_war, temple_statues,
          uniq_edmund, uniq_maggie
D:7:      layout_basic, fedhas_altar_3
D:8:      layout_basic, erik_lair_orcish_takeover, lemuel_angel_altar
D:9:      layout_basic, nicolae_qazlal_general_emergency, zombieorc2_lemuel
D:10:     layout_roguey, uniq_sonja, uniq_erica
D:11:     layout_roguey, serial_shops, shop_coins, gammafunk_ghost_cemetery
D:12:     layout_long_grid
Temple:   nicolae_temple_god_jail
Lair:1:   layout_loops_ring, chequers_serial_rivers_micro_d, fungi_pond_lemuel,
          nicolae_quartered_pool_little, serial_bayou_shore_b
Lair:2:   layout_loops_ring, swamp_mist_pool, nicolae_spider_entry_tight_spaces,
          minivault_24, small_statue_intersection, minmay_holes
Lair:3:   layout_regular_city, chequers_serial_rivers_marsh,
          grunt_forest_large_clearing_hut
Lair:4:   layout_misc_corridors, chequers_serial_rivers_micro_e,
          patterned_corridor, lemuel_fruit_tree, uniq_nergalle

Skill      XL: |  1  2  3  4  5  6  7  8  9 10 11 12 |
---------------+-------------------------------------+-----
Stealth        | 8 9 10 11 13 15 17 | 17.1
Short Blades   | 3 5 7 8 |  8.1
Hexes          | 2 9 10 11 | 11.5
Ice Magic      | 1 2 |  2.0
Dodging        | 5 8 9 10 | 10.9
Fighting       | 4 5 6 7 |  7.0
Invocations    | 2 5 6 7 |  7.1
Necromancy     | 3 |  3.3
Transmutations | 3 |  3.5
Earth Magic    | 2 |  2.3

Action                   |  1- 3 |  4- 6 |  7- 9 | 10-12 || total
-------------------------+-------+-------+-------+-------++-------
Melee: Short sword       |    14 |       |       |       ||    14
       Rapier            |    32 |   134 |    10 |   223 ||   399
       Dagger            |       |    68 |   298 |   389 ||   755
Throw: Stone             |       |       |     1 |       ||     1
 Cast: Ensorcelled Hiber |       |       |    30 |   149 ||   179
       Confusing Touch   |       |       |     8 |    33 ||    41
Invok: Ancestor Identity |       |       |     1 |     1 ||     2
       Recall Ancestor   |       |       |       |     3 ||     3
       Ancestor Life: He |       |       |       |     1 ||     1
Evoke: Wand              |    10 |     5 |    17 |    18 ||    50
  Use: Scroll            |       |     1 |     1 |     2 ||     4
       Potion            |       |       |       |     3 ||     3
 Stab: Sleeping          |     7 |    21 |    35 |    95 ||   158
       Paralysed         |     2 |     2 |       |       ||     4
       Distracted        |       |     1 |     4 |     3 ||     8
       Confused          |       |       |     6 |    37 ||    43
Armor: Robe              |     2 |    10 |     8 |    18 ||    38
       Steam dragon scal |       |       |    14 |       ||    14
Dodge: Dodged            |    26 |   160 |   172 |   481 ||   839
Block: Other             |       |       |    47 |   130 ||   177
       Reflection        |       |       |       |     1 ||     1

Table legend: (Time is in decaauts)
 A = Elapsed time spent in this place.
 B = Non-inter-level travel time spent in this place.
 C = Inter-level travel time spent in this place.
 D = Time resting spent in this place.
 E = Time spent auto-exploring this place.
 F = Levels seen in this place.
 G = Mean time per level.
                   A        B        C        D        E       F      G
               +--------+--------+--------+--------+--------+-----+--------+
         Total |  17324 |  16883 |    441 |   5498 |   8698 |  17 | 1019.1 |
       Dungeon |  13379 |  13048 |    331 |   4044 |   6848 |  12 | 1114.9 |
        Temple |     62 |     52 |     10 |      0 |     21 |   1 |   62.0 |
          Lair |   3882 |   3782 |    100 |   1454 |   1828 |   4 |  970.5 |
               +--------+--------+--------+--------+--------+-----+--------+

Top non-repeatable levels by time:
     D:7: 2146 daAuts
     D:2: 1977 daAuts
     D:9: 1887 daAuts
  Lair:2: 1783 daAuts
    D:10: 1670 daAuts
     D:6: 1265 daAuts
    D:11: 1221 daAuts
  Lair:1: 1095 daAuts
     D:8: 1040 daAuts
  Lair:3: 972 daAuts
     D:4: 815 daAuts
     D:3: 667 daAuts
     D:5: 406 daAuts
     D:1: 278 daAuts
  Temple: 62 daAuts
